Map: 莱瑞拉克之冠

Players

Fenix

  • Race: Terran Terran
  • League: Diamond

Quail - Winner!

  • Race: Protoss Protoss
  • League: Diamond

VOD

Have the link to the VOD?

Description

Time

  • Played on: Dec. 5, 2015, 7 a.m.
  • Length: 11:20
Show
View Real Time Build Order
Export as new Build Order

Fenix Terran 

Build Orders: Reaper Expand, MMM Bio 

Get SALT Encoding   

  12  0:02  SCV  
  13  0:14  SCV  
  14  0:18  Supply Depot  
  14  0:26  SCV  
  15  0:40  SCV  
  15  0:41  Barracks  
  16  0:45  Refinery  
  16  0:52  SCV  
  17  1:04  SCV  
  18  1:16  SCV  
  19  1:28  Orbital Command  
  19  1:29  Reaper  
  20  1:44  Command Center  
  20  1:55  SCV, Refinery  
  21  2:07  Supply Depot  
  21  2:14  SCV  
  22  2:17  Barracks Reactor  
  22  2:26  SCV  
  23  2:41  Factory  
  23  2:43  Barracks  
  23  2:46  SCV  
  24  2:59  Marine x2  
  24  3:00  Orbital Command  
  24  3:03  SCV  
  27  3:19  Marine x2  
  29  3:32  Barracks Tech Lab  
  29  3:33  Factory Tech Lab  
  28  3:35  SCV  
  28  3:39  Marine x2  
  32  3:41  SCV  
  32  3:47  Engineering Bay  
  32  3:49  Marine  
  32  3:57  Marine  
  33  4:06  Refinery  
  33  4:13  Terran Infantry Weapons Level 1  
  33  4:15  Marauder  
  33  4:16  Cyclone, Stimpack  
  38  4:21  SCV  
  39  4:25  SCV, Bunker  
  39  4:27  Marine x2  
  42  4:33  SCV  
  43  4:39  Missile Turret  
  43  4:40  Marauder  
  45  4:46  Supply Depot  
  45  4:47  Starport  
  45  4:52  Marine  
  46  5:01  Barracks  
  46  5:07  Factory Reactor  
  46  5:08  Marine  
  46  5:09  SCV  
  48  5:15  Missile Turret  
  48  5:18  Marine, Marauder  
  48  5:21  SCV x2  
  53  5:25  Marine  
  54  5:32  Medivac  
  54  5:33  SCV  
  54  5:34  Supply Depot  
  54  5:36  Supply Depot  
  54  5:43  Bunker  
  54  5:48  Bunker  
  54  5:56  Marauder x2, Marine x2  
  60  5:59  Supply Depot  
  60  6:05  Combat Shields  
  60  6:07  Terran Infantry Armor Level 1  
  60  6:24  Concussive Shells  
  60  6:25  Medivac x2  
  64  6:26  Marine x2  
  66  6:34  SCV x2  
  68  6:43  Marine x2, Marauder x2  
  68  6:46  SCV  
  75  6:47  Armory  
  75  6:52  Supply Depot  
  75  6:53  Supply Depot  
  75  7:03  Marine x2  
  75  7:05  SCV  
  78  7:13  SCV  
  78  7:14  Barracks x2  
  81  7:22  Marauder  
  81  7:23  Marauder, Marine x2  
  83  7:33  SCV x2  
  83  7:35  Refinery  
  85  7:44  Engineering Bay  
  85  7:45  Command Center  
  85  7:47  Supply Depot  
  85  7:56  Marine x2  
  85  7:57  Marauder x2  
  91  8:00  Terran Infantry Weapons Level 2  
  64  8:27  Marine  
  64  8:28  Marine x2, Marauder x2  
  71  8:39  SCV  
  72  8:49  Marauder x2  
  72  8:51  SCV  
  72  8:52  Medivac x2  
  81  9:10  Marauder  
  81  9:12  Barracks Tech Lab x2  
  83  9:22  Marine  
  83  9:23  Marine, Marauder  
  83  9:24  SCV x2  
  76  9:32  Marauder  
  76  9:34  Medivac x2  
  76  9:36  SCV  
  81  9:46  Orbital Command  
  81  9:52  Marine x2, Marauder x3  
  82  9:53  Marauder  
  74  10:06  Widow Mine  
  66  10:13  Marauder x3  
  58  10:45  Orbital Command  
  47  10:56  Marauder x2  
  47  10:57  Marine, Marauder x2  
Show
View Real Time Build Order
Export as new Build Order

Quail Protoss - Winner!

Build Orders: 1 Gate Expand, Blink Stalkers 

Get SALT Encoding   

  12  0:01  Probe (Chrono Boost)  
  13  0:11  Probe (Chrono Boost)  
  14  0:16  Pylon  
  14  0:22  Probe (Chrono Boost)  
  15  0:35  Probe (Chrono Boost)  
  16  0:37  Gateway  
  16  0:45  Probe (Chrono Boost)  
  16  0:49  Assimilator  
  17  0:56  Probe (Chrono Boost)  
  18  1:06  Probe (Chrono Boost)  
  19  1:17  Probe (Chrono Boost)  
  20  1:24  Cybernetics Core  
  20  1:33  Nexus  
  20  1:36  Probe (Chrono Boost)  
  21  1:43  Pylon  
  22  1:47  Probe (Chrono Boost)  
  22  1:52  Assimilator  
  22  1:57  Probe (Chrono Boost)  
  23  2:02  Adept  
  25  2:10  Mothership Core (Chrono Boost)  
  27  2:25  Pylon  
  27  2:29  Probe (Chrono Boost)  
  28  2:35  Adept  
  30  2:39  Probe (Chrono Boost)  
  30  2:42  Twilight Council  
  31  2:50  Probe (Chrono Boost)  
  32  2:52  Probe (Chrono Boost)  
  33  3:00  Probe (Chrono Boost)  
  33  3:02  Stalker, Probe (Chrono Boost)  
  37  3:09  Warp Gate  
  37  3:11  Probe (Chrono Boost)  
  38  3:13  Probe (Chrono Boost)  
  39  3:21  Probe (Chrono Boost)  
  39  3:23  Blink  
  39  3:25  Probe (Chrono Boost)  
  41  3:32  Probe (Chrono Boost)  
  42  3:36  Probe (Chrono Boost)  
  42  3:37  Pylon  
  42  3:39  Stalker  
  45  3:42  Probe (Chrono Boost)  
  46  3:49  Probe (Chrono Boost)  
  46  3:53  Probe (Chrono Boost)  
  48  4:06  Probe x2 (Chrono Boost)  
  50  4:14  Gateway  
  50  4:15  Gateway  
  50  4:18  Probe x2 (Chrono Boost), Gateway  
  50  4:21  Stalker  
  50  4:22  Pylon  
  54  4:24  Pylon  
  54  4:25  Assimilator  
  52  4:32  Robotics Facility  
  52  4:34  Assimilator  
  52  4:43  Gateway  
  52  4:44  Gateway  
  52  4:48  Pylon  
  52  4:58  Probe x2 (Chrono Boost)  
  54  5:14  Stalker x4  
  62  5:35  Nexus  
  62  5:39  Stalker x4  
  70  5:45  Warp Prism (Chrono Boost)  
  72  5:55  Forge  
  72  6:02  Resonating Glaives  
  72  6:06  Robotics Bay  
  72  6:17  Observer (Chrono Boost)  
  73  6:25  Pylon  
  73  6:26  Pylon  
  73  6:29  Pylon  
  73  6:31  Pylon  
  73  6:36  Adept x2, Pylon  
  73  6:37  Adept x2  
  81  6:49  Protoss Ground Weapons Level 1 (Chrono Boost)  
  81  6:51  Photon Cannon  
  81  6:53  Photon Cannon  
  81  6:56  Photon Cannon  
  81  7:02  Disruptor (Chrono Boost)  
  81  7:06  Probe  
  81  7:07  Probe  
  84  7:24  Adept x4  
  84  7:29  Adept  
  94  7:36  Disruptor (Chrono Boost)  
  97  7:40  Adept  
  99  7:50  Adept x4  
  101  8:05  Adept  
  101  8:06  Adept  
  92  8:26  Disruptor (Chrono Boost)  
  86  8:31  Stalker x4  
  86  8:32  Stalker  
  97  8:38  Forge  
  97  8:43  Protoss Ground Armor Level 1 (Chrono Boost)  
  97  8:44  Probe x2  
  97  8:46  Photon Cannon  
  99  8:50  Photon Cannon  
  99  8:53  Photon Cannon  
  99  8:59  Templar Archives, Disruptor  
  99  9:03  Probe  
  99  9:04  Probe  
  99  9:06  Adept  
  106  9:11  Mothership Core  
  108  9:22  Stalker x2  
  108  9:23  Stalker  
  114  9:29  Assimilator  
  114  9:33  Assimilator  
  114  9:34  Disruptor  
  114  9:44  Probe  
  118  9:47  Photon Cannon  
  98  10:09  Stalker x5  
  98  10:12  Probe  
  98  10:13  Probe  
  98  10:14  Probe  
  111  10:20  Photon Cannon  
  111  10:23  Disruptor  
  111  10:32  Gateway  
  111  10:33  Gateway  
  114  10:44  Stalker x3  
  114  10:45  Stalker  
  117  11:11  Stalker x3  
  119  11:12  Stalker  
Tags
 
Add a new tag
Caveats
  • Supply blocks, unpowered buildings, or Contaminate may cause inaccurate times.
  • Supply counts are checked every 10 seconds.